 Dungeon Crawl Stone Soup version 0.28-a0-664-gc179e30c89 (webtiles) character file.

Game seed: 10856584149976659940

44 mordus the Shield-Bearer (level 3, -2/29 HPs)
             Began as a Formicid Fighter on Oct 15, 2021.
             Slain by an orc (7 damage)
             ... on level 2 of the Dungeon.
             The game lasted 00:02:40 (1086 turns).

mordus the Shield-Bearer (Formicid Fighter)         Turns: 1086, Time: 00:02:40

Health: -2/29      AC:  9    Str: 21    XL:     3   Next: 85%
Magic:  3/3        EV:  8    Int:  7    God:
Gold:   96         SH:  8    Dex: 10    Spells: 2/2 levels left

rFire   . . .      SeeInvis +   a - +0 flail
rCold   . . .      Faith    .   g - +0 kite shield
rNeg    . . .      Spirit   .   b - +0 scale mail
rPois   .          Reflect  .   (helmet unavailable)
rElec   .          Harm     .   (no cloak)
rCorr   .          Rampage  .   i - +1 pair of gloves
Will    .....                   (no boots)
Stlth   ..........              (no amulet)
HPRegen 0.09/turn               (no ring)
MPRegen 0.08/turn               (no ring)

@: no status effects
A: permanent stasis, dig shafts and tunnels, antennae 3, four strong arms
a: Dig, Shaft Self


You were on level 2 of the Dungeon.
You visited 1 branch of the dungeon, and saw 2 of its levels.

You collected 96 gold pieces.

Inventory:

Hand Weapons
 a - a +0 flail (weapon)
Armour
 b - a +0 scale mail (worn)
 c - a +0 buckler
 g - a +0 kite shield (worn)
 i - a +1 pair of gloves (worn)
Jewellery
 f - a ring of fire
Scrolls
 e - a scroll of immolation {unknown}
 h - a scroll of blinking {unknown}
 k - 2 scrolls of identify {unknown}
 l - a scroll of teleportation {unknown}
Potions
 d - a potion of might
 j - a potion of haste {unknown}


   Skills:
 - Level 3.2 Fighting
 * Level 3.1 Maces & Flails
 + Level 3.7 Armour
 + Level 4.1 Shields


You had 2 spell levels left.
You didn't know any spells.
Your spell library contained the following spells:

 Spells                   Type           Power      Damage    Failure   Level
 Gell's Gravitas          Tloc           0%         N/A       100%        3
 Teleport Other           Tloc           0%         N/A       100%        3
 Dispersal                Tloc           0%         N/A       100%        6


Dungeon Overview and Level Annotations

Branches:
Dungeon (2/15)

Altars:


Innate Abilities, Weirdness & Mutations

You cannot be hasted, slowed, berserked, paralysed or teleported.
You can dig through walls and to a lower floor.
You have a pair of large antennae on your head. (SInv)
Your four strong arms can wield two-handed weapons with a shield.


Message History

The orc hits you but does no damage.
The orc priest calls upon Beogh to heal the orc priest.
The orc priest is healed somewhat.
The orc priest closely misses you.
You extend your mandibles.
You dig through the rock wall.
You retract your mandibles.
You extend your mandibles.
You dig through the rock wall.
You block the orc's attack.
You dig through the rock wall.
You dig through the rock wall.
You dig through the rock wall.
You dig through the rock wall.
You dig through the rock wall.
You retract your mandibles.
You hit the orc but do no damage. You block the orc's attack.
The orc barely misses you.
You hit the orc.
The orc is lightly wounded.
The orc hits you but does no damage. You block the orc's attack.
You sock the orc!
You kill the orc!
The orc hits you with a +0 war axe.
You closely miss the orc. You block the orc's attack. x2
The orc closely misses you.
You hit the orc.
The orc is severely wounded.
You block the orc's attack. The orc barely misses you.
You closely miss the orc. The orc hits you with a +0 club.
* * * LOW HITPOINT WARNING * * *
The orc hits you with a +0 war axe.
* * * LOW HITPOINT WARNING * * *
The orc hits you but does no damage.
You hit the orc.
The orc is lightly wounded.
The orc priest looks satisfied for a moment.
The orc barely misses you.
Unknown command.
You hit the orc.
You kill the orc!
The orc hits you with a +0 war axe!
You die...

.. ## . .. ### ...
##.## #.
.##.#####.#{## .
.........###o#
######.###@##
#..#)##
############.#o#.#
..........##.##.##
###.......##.....#
###.......######.#
..........##.†.#.#
##........#.###..#
##.........## ##.#


You could see an orc priest and an orc.

Vanquished Creatures
  An adder (D:2)
  An adder skeleton (D:2)
  A worm (D:2)
  A dart slug (D:1)
  2 orcs (D:2)
  4 endoplasms
  3 giant cockroaches (D:1)
  3 goblins
  4 kobolds
  A quokka (D:1)
  3 bats (D:1)
  A frilled lizard (D:1)
  A rat (D:2)
26 creatures vanquished.

Vanquished Creatures (others)
  2 plants (D:1)
2 creatures vanquished.

Grand Total: 28 creatures vanquished

Notes
Turn   | Place    | Note
-------+----------+-------------------------------------------
     0 | D:1      | mordus the Formicid Fighter began the quest for the Orb.
     0 | D:1      | Reached XP level 1. HP: 18/18 MP: 1/1
   218 | D:1      | Reached XP level 2. HP: 24/24 MP: 2/2
   317 | D:1      | Found a faded altar of an unknown god.
   620 | D:1      | Reached skill level 4 in Shields
   620 | D:1      | Reached XP level 3. HP: 26/29 MP: 3/3
  1086 | D:2      | Slain by an orc

Illustrated notes

Levels and vault maps discovered:
D:1:      tarquinn_simple_flora_water_b, layout_basic,
          shapermc_ecumenical_altar_mp_ritualfount, item_on_display_a
D:2:      minmay_inner_zag, layout_loops_cross, kennysheep_generic_room_12

Skill      XL: |  1  2  3 |
---------------+----------+-----
Shields        | 4 |  4.1
Maces & Flails | 3 |  3.1
Fighting       | |  3.2
Armour         | |  3.7

Action                   || total
-------------------------++-------
Melee: Flail             ||    96
 Abil: Dig               ||     4
Armor: Scale mail        ||    56
Dodge: Dodged            ||    41
Block: Buckler           ||     5
       Kite shield       ||    31

Table legend: (Time is in decaauts)
 A = Elapsed time spent in this place.
 B = Non-inter-level travel time spent in this place.
 C = Inter-level travel time spent in this place.
 D = Time resting spent in this place.
 E = Time spent auto-exploring this place.
 F = Levels seen in this place.
 G = Mean time per level.
                   A        B        C        D        E       F      G
               +--------+--------+--------+--------+--------+-----+--------+
         Total |   1125 |   1103 |     22 |     68 |    741 |   2 |  562.5 |
       Dungeon |   1125 |   1103 |     22 |     68 |    741 |   2 |  562.5 |
               +--------+--------+--------+--------+--------+-----+--------+

Top non-repeatable levels by time:
     D:1: 749 daAuts
     D:2: 376 daAuts
